 Dungeon Crawl Stone Soup version 0.28.0 (webtiles) character file.

Game seed: 12601807779236602913

123 Sanktem7 the Covered (level 4, -5/40 HPs)
             Began as a Minotaur Fighter on Feb 9, 2022.
             Killed by nerve-wracking pain
             ... invoked by an orc priest
              (8 damage)
             ... on level 3 of the Dungeon.
             The game lasted 00:03:55 (2137 turns).

Sanktem7 the Covered (Minotaur Fighter)             Turns: 2137, Time: 00:03:56

Health: -5/40      AC:  9    Str: 22    XL:     4   Next: 80%
Magic:  3/3        EV:  9    Int:  5    God:
Gold:   158        SH:  4    Dex: 10    Spells: 3/3 levels left

rFire   . . .      SeeInvis .   a - +0 long sword
rCold   . . .      Faith    .   c - +0 buckler
rNeg    . . .      Spirit   .   b - +0 scale mail
rPois   .          Reflect  .   (helmet restricted)
rElec   .          Harm     .   (no cloak)
rCorr   .          Rampage  .   i - +0 pair of gloves
Will    .....                   h - +0 pair of boots
Stlth   ..........              (no amulet)
HPRegen 0.13/turn               (no ring)
MPRegen 0.08/turn               (no ring)

@: no status effects
A: horns 2, retaliatory headbutt
a: no special abilities


You were on level 3 of the Dungeon.
You visited 1 branch of the dungeon, and saw 3 of its levels.

You collected 158 gold pieces.

Inventory:

Hand Weapons
 a - a +0 long sword (weapon)
Missiles
 g - 58 stones (quivered)
Armour
 b - a +0 scale mail (worn)
 c - a +0 buckler (worn)
 h - a +0 pair of boots (worn)
 i - a +0 pair of gloves (worn)
Scrolls
 e - 4 scrolls of identify {unknown}
 f - a scroll of teleportation {unknown}
Potions
 d - a potion of might
 j - a potion of lignification {unknown}


   Skills:
 * Level 4.2 Fighting
 * Level 4.1 Long Blades
 * Level 4.8 Armour
 + Level 0.6 Dodging
 + Level 4.1 Shields


You had 3 spell levels left.
You didn't know any spells.
Your spell library contained the following spells:

 Spells                   Type           Power      Damage    Failure   Level
 Fulminant Prism          Conj/Hex       0%         3d6       100%        4
 Iskenderun's Mystic Bla  Conj/Tloc      0%         2d3       100%        4
 Lee's Rapid Deconstruct  Erth           0%         3d5*      100%        5


Dungeon Overview and Level Annotations

Branches:
Dungeon (3/15)

Altars:


Innate Abilities, Weirdness & Mutations

You have a pair of horns on your head.
You reflexively headbutt those who attack you in melee.


Message History

Reactivating autopickup.
You feel a bit more experienced.
An orc comes into view. It is wielding a +0 hand axe.
Your Long Blades skill increases to level 4!
An orc comes into view. It is wielding a +0 whip.
The orc shouts!
Things that are here:
a +0 dagger; a +0 robe; an orc corpse The orc throws a boomerang.
The boomerang barely misses you.
An orc wizard comes into view. It is wielding a +0 dagger.
The orc wizard shouts!
You hear a shout!
You closely miss the orc. Your headbutt misses the orc.
The orc hits you but does no damage. x2
You slash the orc!
You kill the orc!
An orc priest comes into view. It is wielding a +0 flail.
The orc hits you with a +0 whip.
You hit the orc. Your headbutt misses the orc.
The orc is lightly wounded.
The orc priest calls down the wrath of Beogh upon you.
Beogh smites you! The orc wizard casts a spell at you. The magic dart hits you.
The orc hits you but does no damage.
You closely miss the orc wizard.
The orc wizard hits you but does no damage.
The orc hits you with a +0 whip.
You slash the orc!
You kill the orc!
The orc wizard barely misses you.
The orc priest mumbles some strange prayers to Beogh against you.
Pain shoots through your body!
* * * LOW HITPOINT WARNING * * *
The orc wizard hits you but does no damage.
Things that are here:
a +0 whip; a +0 scale mail You slash the orc priest!
The orc priest is almost dead.
The orc priest mumbles some strange prayers to Beogh against you.
Pain shoots through your body!
You die...

#...# ###...#
##.#...#
####...#.##
+........#####
###...))....#
###.##.###.#
#......o#
#.#.##o@#
#.#.....# #
#..##.# #..
#.# ... ...
#### ###


You could see an orc priest and an orc wizard.

Vanquished Creatures
  An orc wizard (D:3)
  An adder (D:2)
  2 dart slugs
  2 worms (D:2)
  2 orcs (D:3)
  4 ball pythons
  3 bats
  6 endoplasms
  5 giant cockroaches
  7 goblins
  12 hobgoblins
  12 jackals
  A quokka (D:2)
  5 frilled lizards (D:1)
  3 kobolds
  A rat (D:2)
67 creatures vanquished.

Notes
Turn   | Place    | Note
-------+----------+-------------------------------------------
     0 | D:1      | Sanktem7 the Minotaur Fighter began the quest for the Orb.
     0 | D:1      | Reached XP level 1. HP: 19/19 MP: 0/0
   155 | D:1      | Reached XP level 2. HP: 26/27 MP: 1/1
   394 | D:1      | Reached XP level 3. HP: 31/33 MP: 2/2
  1587 | D:2      | Reached XP level 4. HP: 35/40 MP: 3/3
  2017 | D:3      | Found a faded altar of an unknown god.
  2137 | D:3      | Killed from afar by an orc priest

Illustrated notes

Levels and vault maps discovered:
D:1:      psy_arrival_terrarium, layout_loops_ring
D:2:      cheibrodos_greedy_goblins, layout_basic
D:3:      layout_loops_corners, grunt_dithmenos_smoke_and_mirrors, serial_shops,
          nicolae_shop_trees, hellmonk_ecumenical_altar_blasted

Skill      XL: |  1  2  3  4 |
---------------+-------------+-----
Fighting       | 4 |  4.2
Armour         | 4 |  4.8
Shields        | 4 |  4.1
Long Blades    | 3 4 |  4.1
Dodging        | |  0.6

Action                   |  1- 3 |  4- 6 || total
-------------------------+-------+-------++-------
Melee: Long sword        |   100 |    37 ||   137
       Headbutt          |     7 |     4 ||    11
Throw: Stone             |    14 |       ||    14
Armor: Scale mail        |    74 |    35 ||   109
Dodge: Dodged            |    52 |    23 ||    75
Block: Buckler           |    32 |     8 ||    40
